 Dungeon Sprint DCSS version 0.30.1-4-g462c640d31 (webtiles) character file.

Game seed: 16612286631219145368

8927 Heoruswealwe the Severer (level 11, -7/138 HPs)
             Began as a Hill Orc Fighter on Aug 21, 2023.
             Was the Champion of the Shining One.
             Mangled by a demonic crawler (9 damage)
             ... in the Dungeon (Sprint I: "Red Sonja") on Aug 22, 2023.
             The game lasted 00:41:34 (1532 turns).

Heoruswealwe the Severer (Hill Orc Fighter)         Turns: 1532, Time: 00:41:36

Health: -7/138     AC: 25    Str: 21 (22) XL:     11   Next: 38%
Magic:  5/11       EV:  2    Int:  7 (8)  God:    the Shining One [******]
Gold:   165        SH: 14    Dex: 10      Spells: 10/10 levels left

rFire   . . .        a - +0 war axe
rCold   . . .        d - +2 kite shield {rPois}
rNeg    + + +        c - melded +0 chain mail
rPois   +            g - melded +2 hat of the Bear Spirit {Spirit, Bear, *Rage Will++}
rElec   .            (cloak currently unavailable)
rCorr   .            f - melded +0 pair of gloves {Stlth+}
SInv    .            (boots currently unavailable)
Will    .....        (no amulet)
Stlth   +            (no ring)
HPRegen 0.00/turn    (no ring)
MPRegen 0.12/turn

%: no teleportation, random rage (3%)
@: tree-form, inhibited regen, glowing
A: stationary, stasis, torment immunity, boosted hp, (antennae 1), berserk 1,
deterioration 2, frail 2, screaming 2, inhibited regeneration, weak 1, (heat
vulnerability 1), inability to drink after injury 1
a: Renounce Religion, Divine Shield, Cleansing Flame, Summon Divine Warrior,
Brand Weapon With Holy Wrath


You were in the Dungeon.
You worshipped the Shining One.
The Shining One was exalted by your worship.
You were a tree.
You visited 1 branch You collected 1829 gold pieces.
You spent 1664 gold pieces at shops.

Inventory:

Hand Weapons
 a - a +0 war axe (weapon)
Armour
 c - a +0 chain mail (melded)
 d - a +2 kite shield of poison resistance (worn)
 f - a +0 pair of gloves of stealth (melded)
 g - the +2 hat of the Bear Spirit (melded) {Spirit, Bear, *Rage Will++}
   (You bought it in a shop in the Dungeon)

   Bear:      Going berserk makes the wearer exceptionally tough, and they are
   slowed for a shorter time afterward.
   *Rage:     It berserks you when you make melee attacks (+20% chance).
   Will:      It greatly increases your willpower.
Wands
 k - a wand of digging (5)
Scrolls
 b - 4 scrolls of enchant weapon
 h - 4 scrolls of identify
 j - 2 scrolls of blinking
 m - a scroll of brand weapon
 o - a scroll of poison
 p - a scroll of immolation
Potions
 i - 2 potions of lignification


   Skills:
 + Level 16.7 Fighting
 + Level 17.9 Axes
 + Level 15.4 Armour
 + Level 15.4 Shields


You had 10 spell levels left.
You didn't know any spells.
Your spell library was empty.

Dungeon Overview and Level Annotations

Branches:
Dungeon (1/1)

Altars:
Cheibriados
Dithmenos
Elyvilon
Fedhas
Gozag
Hepliaklqana
Kikubaaqudgha
Makhleb
Nemelex Xobeh
Okawaru
Qazlal
Ru
Sif Muna
Trog
Uskayaw
Vehumet
Wu Jian
Xom
Yredelemnul
Zin
The Shining One
Jiyva
Lugonu

Shops:
D *[=[((=*?((*!:(!*(?[(


Innate Abilities, Weirdness & Mutations

You are a tree.
Your roots penetrate the ground, keeping you stationary.
You cannot be teleported.
You are immune to unholy pain and torment.
Your maximum health is greatly increased.
Your equipment is partially melded.
((You have a pair of small antennae on your head.))
You sometimes lose your temper in combat.
Your body often deteriorates upon taking damage.
You are very frail. (-20% HP)
You frequently scream uncontrollably at your foes.
You do not regenerate when monsters are visible.
You are weak. (Str -2)
((You are vulnerable to heat. (rF-)))
You occasionally lose the ability to drink potions when taking damage.


Message History

The demonic crawler hits you but does no damage. x3
You block the demonic crawler's attack. The demonic crawler hits you.
* * * LOW HITPOINT WARNING * * *
You feel better. The demonic crawler hits you.
* * * LOW HITPOINT WARNING * * *
The demonic crawler hits you but does no damage. x2
You block the demonic crawler's attack.
The demonic crawler hits you but does no damage.
You block the demonic crawler's attack.
You feel better. The demonic crawler barely misses you.
The demonic crawler hits you.
* * * LOW HITPOINT WARNING * * *
The demonic crawler hits you!
* * * LOW HITPOINT WARNING * * *
You block the demonic crawler's attack. x2
The demonic crawler barely misses you.
Okay, then.
Okay, then.
You slash the demonic crawler!
The demonic crawler is moderately wounded.
You slash the demonic crawler! The demonic crawler hits you.
* * * LOW HITPOINT WARNING * * *
You block the demonic crawler's attack. The demonic crawler hits you!
* * * LOW HITPOINT WARNING * * *
The demonic crawler hits you but does no damage.
You block the demonic crawler's attack.
The demonic crawler hits you but does no damage.
You feel better.
The demonic crawler hits you but does no damage. x2
You block the demonic crawler's attack. x2; The demonic crawler hits you!
* * * LOW HITPOINT WARNING * * *
The demonic crawler hits you.
* * * LOW HITPOINT WARNING * * *
You feel better. The demonic crawler hits you!
* * * LOW HITPOINT WARNING * * *
The demonic crawler hits you but does no damage.
You block the demonic crawler's attack. The demonic crawler barely misses you.
The demonic crawler hits you but does no damage. x2
The demonic crawler hits you!
You die...

##################***************
.#..'..#__#..')..#,,*,,,,+,,,,,,+
.').#..'..'..#).s##+#,****,,,,,**
'#####'#__####..♣ss.#,*,***,,,***
.#...#.####.§#####s.+,*+*,***+*,,
##..##.#§~~.§#..#*+##**,,,*,*,**,
_##'#_.+§~§§.+..#,,,,,*,,,***,,**
..'..._#~§§.§#..#,,,,,+,,,,,**,*,
_##_.#'##+#####'###,,,*,,,,,*,,**
_###'#.#...(###.+.#,,,***++**,**,
####.####'###[###.#,,***,,***,,*+
..'...'..)..'[∩##§#,,****,,***,,,


You could see 4 demonic crawlers.

Vanquished Creatures
  2 centaur warriors (D)
  Sonja (D)
  A deep troll (D)
  An oklob plant (D)
  8 shining eyes (D)
  2 unseen horrors (D)
  2 kobold demonologists (D)
  A hornet (D)
  Sigmund (D)
  A slime creature (D)
  A yak (D)
  2 redbacks (D)
  6 floating eyes (D)
  An ogre (D)
  7 necrophages (D)
  8 jellies (D)
  Ijyb (D)
46 creatures vanquished.

Vanquished Creatures (others)
  2 ballistomycete spores (D)
2 creatures vanquished.

Grand Total: 48 creatures vanquished

Notes
Turn   | Place    | Note
-------+----------+-------------------------------------------
     0 | D        | Heoruswealwe the Hill Orc Fighter began the quest for the
                  | Orb.
     0 | D        | Reached XP level 1. HP: 19/19 MP: 1/1
     1 | D        | Noticed Ijyb
     7 | D        | Killed Ijyb
     8 | D        | Reached skill level 5 in Fighting
     8 | D        | Reached skill level 4 in Axes
     8 | D        | Reached XP level 2. HP: 20/29 MP: 2/2
     8 | D        | Reached XP level 3. HP: 25/36 MP: 3/3
    50 | D        | Noticed an ogre
    55 | D        | Killed an ogre
    56 | D        | Reached skill level 6 in Axes
    56 | D        | Reached XP level 4. HP: 45/45 MP: 4/4
    76 | D        | Noticed Sigmund
    85 | D        | Killed Sigmund
    86 | D        | Reached skill level 8 in Axes
    86 | D        | Reached XP level 5. HP: 55/56 MP: 5/5
    86 | D        | Reached XP level 6. HP: 61/62 MP: 6/6
    99 | D        | Found a burning altar of Makhleb.
    99 | D        | Found a viscous altar of Jiyva.
    99 | D        | Found a shimmering altar of Xom.
    99 | D        | Found a corrupted altar of Lugonu.
    99 | D        | Noticed a slime creature
   112 | D        | Killed a slime creature
   113 | D        | Reached skill level 9 in Axes
   113 | D        | Reached XP level 7. HP: 33/70 MP: 7/7
   233 | D        | Found an ornate altar of the Wu Jian Council.
   233 | D        | Found a shimmering blue altar of Sif Muna.
   235 | D        | Found a radiant altar of Vehumet.
   243 | D        | Reached skill level 10 in Axes
   307 | D        | Found Roidol's Armour Emporium.
   307 | D        | Found an ancient bone altar of Kikubaaqudgha.
   307 | D        | Found a hazy altar of Hepliaklqana.
   307 | D        | Found a stormy altar of Qazlal.
   307 | D        | Found a hide-covered altar of Uskayaw.
   307 | D        | Found a blossoming altar of Fedhas.
   307 | D        | Found a bloodstained altar of Trog.
   307 | D        | Found an iron altar of Okawaru.
   307 | D        | Found a basalt altar of Yredelemnul.
   307 | D        | Found a glowing golden altar of the Shining One.
   307 | D        | Found a snail-covered altar of Cheibriados.
   307 | D        | Found a sacrificial altar of Ru.
   307 | D        | Found a glowing silver altar of Zin.
   307 | D        | Found a shadowy altar of Dithmenos.
   307 | D        | Found a white marble altar of Elyvilon.
   307 | D        | Noticed a yak
   311 | D        | Killed a yak
   312 | D        | Reached skill level 10 in Fighting
   312 | D        | Found an opulent altar of Gozag.
   313 | D        | Found a sparkling altar of Nemelex Xobeh.
   334 | D        | Became a worshipper of the Shining One
   349 | D        | Bought the +2 hat of the Bear Spirit {Spirit, Bear, *Rage
                  | Will++} for 383 gold pieces
   349 | D        | Found the +2 hat of the Bear Spirit {Spirit, Bear, *Rage
                  | Will++}
   372 | D        | Noticed a kobold demonologist
   372 | D        | Noticed a kobold demonologist
   372 | D        | Reached * piety under the Shining One
   376 | D        | Reached skill level 11 in Axes
   377 | D        | Killed a kobold demonologist
   378 | D        | Reached skill level 10 in Armour
   378 | D        | Reached skill level 10 in Shields
   378 | D        | Reached XP level 8. HP: 82/82 MP: 8/8
   378 | D        | Killed a kobold demonologist
   378 | D        | Reached ** piety under the Shining One
   379 | D        | Reached skill level 12 in Axes
   391 | D        | Noticed a centaur warrior
   392 | D        | Noticed a centaur warrior
   403 | D        | Killed a centaur warrior
   404 | D        | Reached skill level 13 in Axes
   404 | D        | Reached XP level 9. HP: 48/91 MP: 4/9
   405 | D        | Killed a centaur warrior
   413 | D        | Noticed a deep troll
   418 | D        | Killed a deep troll
   419 | D        | Reached skill level 14 in Axes
   458 | D        | Found Keeckoesk's Armour Emporium.
   464 | D        | Bought a +2 kite shield of poison resistance for 222 gold
                  | pieces
   576 | D        | Noticed a hornet
   583 | D        | Killed a hornet
   647 | D        | Noticed an oklob plant
   647 | D        | Reached *** piety under the Shining One
   655 | D        | Killed an oklob plant
   656 | D        | Reached skill level 15 in Axes
   656 | D        | Reached XP level 10. HP: 103/103 MP: 7/10
   753 | D        | Noticed an unseen horror
   754 | D        | Noticed an unseen horror
   762 | D        | Killed an unseen horror
   766 | D        | Killed an unseen horror
   818 | D        | Reached **** piety under the Shining One
   833 | D        | Reached ***** piety under the Shining One
   850 | D        | Reached skill level 15 in Fighting
   850 | D        | Reached skill level 16 in Axes
   850 | D        | Reached ****** piety under the Shining One
   886 | D        | Found Bashyv's Weapon Boutique.
   886 | D        | Found Sunioclo's Weapon Emporium.
   886 | D        | Found Kosirphe's Magic Scroll Emporium.
   888 | D        | Found Atriah's General Store.
   888 | D        | Found Yzoyred's Distillery.
   888 | D        | Found Oqaypn's Weapon Shop.
   888 | D        | Found Yzeoj's Book Emporium.
   888 | D        | Found Minusiad's Distillery.
   888 | D        | Found Ucunashene's Assorted Antiques.
   888 | D        | Found Hetoja's Antique Weapon Shop.
   892 | D        | Found Rescha's Antique Weapon Emporium.
   893 | D        | Found Holeun's Magic Scroll Boutique.
   893 | D        | Found Inoillig's General Store.
   894 | D        | Found Liwoc's Jewellery Shop.
   898 | D        | Bought a sapphire potion for 24 gold pieces
   898 | D        | Bought a scroll labelled TIRGHA VOUPUERU for 27 gold pieces
   898 | D        | Bought a scroll labelled ZAZAOWNISCHU for 27 gold pieces
   915 | D        | Bought a scroll of identify for 24 gold pieces
   915 | D        | Bought a scroll of identify for 24 gold pieces
   915 | D        | Bought 3 scrolls of identify for 72 gold pieces
   968 | D        | Bought a scroll of enchant weapon for 90 gold pieces
   968 | D        | Bought a scroll of enchant weapon for 90 gold pieces
   968 | D        | Bought a scroll of enchant weapon for 90 gold pieces
   968 | D        | Bought a scroll of blinking for 90 gold pieces
   977 | D        | Bought a scroll of identify for 28 gold pieces
   977 | D        | Bought a scroll of identify for 28 gold pieces
   977 | D        | Bought a scroll of identify for 28 gold pieces
   977 | D        | Bought a scroll of enchant weapon for 105 gold pieces
   977 | D        | Bought a scroll of identify for 28 gold pieces
   978 | D        | Bought a scroll of magic mapping for 82 gold pieces
  1027 | D        | Noticed Sonja
  1035 | D        | Killed Sonja
  1157 | D        | Found Docebozo's General Store.
  1171 | D        | Noticed a shining eye
  1171 | D        | Noticed a shining eye
  1171 | D        | Noticed a shining eye
  1174 | D        | Paralysed by a floating eye for 3 turns
  1180 | D        | Paralysed by a floating eye for 3 turns
  1195 | D        | Gained mutation: You occasionally shout uncontrollably at
                  | your foes. [a shining eye]
  1196 | D        | Killed a shining eye
  1201 | D        | Gained mutation: You are clumsy. (Dex -2) [a shining eye]
  1202 | D        | Killed a shining eye
  1203 | D        | Reached XP level 11. HP: 114/114 MP: 11/11
  1207 | D        | Gained mutation: Your body sometimes deteriorates upon
                  | taking damage. [a shining eye]
  1209 | D        | Gained mutation: Your magical capacity is low. (-10% MP) [a
                  | shining eye]
  1212 | D        | Killed a shining eye
  1213 | D        | Reached skill level 17 in Axes
  1309 | D        | Noticed a shining eye
  1309 | D        | Noticed a shining eye
  1309 | D        | Noticed a shining eye
  1309 | D        | Gained mutation: Your body often deteriorates upon taking
                  | damage. [a shining eye]
  1310 | D        | Gained mutation: You do not regenerate when monsters are
                  | visible. [a shining eye]
  1315 | D        | Killed a shining eye
  1315 | D        | Gained mutation: You are frail. (-10% HP) [a shining eye]
  1318 | D        | Gained mutation: You are weak. (Str -2) [a shining eye]
  1318 | D        | Gained mutation: You are vulnerable to heat. (rF-) [a
                  | shining eye]
  1319 | D        | Killed a shining eye
  1320 | D        | Reached skill level 15 in Armour
  1320 | D        | Reached skill level 15 in Shields
  1320 | D        | Noticed a shining eye
  1320 | D        | Noticed a shining eye
  1320 | D        | Gained mutation: You are very frail. (-20% HP) [a shining
                  | eye]
  1324 | D        | Killed a shining eye
  1326 | D        | Gained mutation: You occasionally lose the ability to drink
                  | potions when taking damage. [a shining eye]
  1327 | D        | Gained mutation: You are dopey. (Int -2) [a shining eye]
  1329 | D        | Lost mutation: You are clumsy. (Dex -2) [a shining eye]
  1331 | D        | Killed a shining eye
  1332 | D        | Gained mutation: You are extremely frail. (-30% HP) [a
                  | shining eye]
  1334 | D        | Gained mutation: You sometimes lose your temper in combat.
                  | [a shining eye]
  1339 | D        | Gained mutation: You frequently scream uncontrollably at
                  | your foes. [a shining eye]
  1341 | D        | Killed a shining eye
  1351 | D        | Lost mutation: You are extremely frail. (-30% HP) [potion
                  | of mutation]
  1351 | D        | Lost mutation: Your magical capacity is low. (-10% MP)
                  | [potion of mutation]
  1351 | D        | Lost mutation: You are dopey. (Int -2) [potion of mutation]
  1351 | D        | Gained mutation: You have a pair of small antennae on your
                  | head. [potion of mutation]
  1374 | D        | Found Oruff's Antique Armour Shoppe.
  1374 | D        | Found Kyacsun's Antique Weapon Shop.
  1374 | D        | Found Uptet's Jewellery Emporium.
  1374 | D        | Found Gaynie's Antique Weapon Boutique.
  1444 | D        | Bought a pair of runed gloves for 202 gold pieces
  1531 | D        | HP: 6/138 [demonic crawler (6)]
  1532 | D        | HP: 2/138 [demonic crawler (10)]
  1532 | D        | Mangled by a demonic crawler

Illustrated notes

Levels and vault maps discovered:
D:        dungeon_sprint_1 [red_sonja_temple_1, red_sonja_temple_small_1]

Skill      XL: |  1  2  3  4  5  6  7  8  9 10 11 |
---------------+----------------------------------+-----
Fighting       | 5 6 8 9 11 12 14 15 16 | 16.7
Axes           | 4 6 8 9 11 13 15 16 17 | 17.9
Armour         | 4 6 7 8 10 11 13 14 15 | 15.4
Shields        | 4 6 7 8 10 11 13 14 15 | 15.4

Action                     |  1- 3 |  4- 6 |  7- 9 | 10-12 || total
---------------------------+-------+-------+-------+-------++-------
  Melee: War axe           |     9 |    20 |    41 |   105 ||   175
  Evoke: Wand              |     1 |       |       |     1 ||     2
    Use: Potion            |     1 |       |     3 |     7 ||    11
         Scroll            |       |       |       |     8 ||     8
 Armour: Chain mail        |       |     4 |    26 |    25 ||    55
         Skin              |       |       |       |    35 ||    35
  Dodge: Dodged            |     2 |     8 |     8 |    17 ||    35
  Block: Buckler           |       |     3 |    10 |       ||    13
         Kite shield       |       |       |     6 |    71 ||    77
